 Dungeon Crawl Stone Soup version 0.23.0 (webtiles) character file.

Game seed: 17501359697894132000

1068 Syrinius the Zephyrmancer (level 8, -1/41 HPs)
             Began as a Tengu Air Elementalist on Feb 17, 2019.
             Was an Initiate of Kikubaaqudgha.
             Slain by a bullfrog (2 damage)
             ... on level 6 of the Dungeon.
             The game lasted 00:21:17 (3890 turns).

Syrinius the Zephyrmancer (Tengu Air Elementalist)  Turns: 3890, Time: 00:21:18

Health: -1/41      AC:  2    Str: 10    XL:     8   Next: 28%
Magic:  2/15       EV: 17    Int: 17    God:    Kikubaaqudgha [......]
Gold:   277        SH:  5    Dex: 14    Spells: 5/15 levels left

rFire    . . .     SeeInvis .   n - +4 dagger
rCold    . . .     Gourm    .   (no shield)
rNeg     . . .     Faith    .   a - +0 robe
rPois    +         Spirit   .   (helmet restricted)
rElec    .         Reflect  +   (no cloak)
rCorr    .         Harm     .   (no gloves)
MR       +....                  (boots unavailable)
Stlth    ++........             s - +5 amulet of reflection
HPRegen  0.13/turn              A - ring of protection from magic
MPRegen  0.14/turn              o - ring of poison resistance

@: flying quickly and evasively, quick
A: beak, talons 3, able to fly
a: Stop Flying, Renounce Religion


You were on level 6 of the Dungeon.
You worshipped Kikubaaqudgha.
Kikubaaqudgha was noncommittal.
You were very full.

You visited 2 branches of the dungeon, and saw 7 of its levels.

You collected 277 gold pieces.

Inventory:

Hand Weapons
 n - a +4 dagger (weapon)
 r - a +2 dagger of pain
 w - a +0 long sword of freezing
Armour
 a - a +0 robe (worn)
 l - a +2 shield
Jewellery
 b - an uncursed amulet of the gourmand
 m - an uncursed ring of protection from cold
 o - a ring of poison resistance (right hand)
 s - a +5 amulet of reflection (around neck)
 A - a ring of protection from magic (left hand)
Wands
 t - a wand of random effects (18)
Scrolls
 f - 7 scrolls of remove curse
 g - a scroll of fog {unknown}
 h - a scroll of blinking {unknown}
 i - a scroll of fear {unknown}
 k - a scroll of enchant weapon
 q - a scroll of random uselessness {unknown}
 u - a scroll of amnesia {unknown}
 v - a scroll of magic mapping {unknown}
 y - a scroll of noise {unknown}
 z - 2 scrolls of teleportation
 B - a scroll of identify
Potions
 d - 4 potions of haste
 e - 2 potions of degeneration {unknown}
 j - 2 potions of curing {unknown}
 p - a potion of cancellation {unknown}
Comestibles
 c - 7 rations
 x - a chunk of flesh


   Skills:
 + Level 4.9 Dodging
 - Level 2.0 Stealth
 - Level 4.0 Spellcasting
 + Level 6.3 Conjurations
 * Level 8.7 Air Magic


You had 5 spell levels left.
You knew the following spells:

 Your Spells              Type           Power        Failure   Level  Hunger
a - Shock                 Conj/Air       ####         1%          1    None
b - Airstrike             Air            ####......   4%          4    ####...
c - Lightning Bolt        Conj/Air       ####......   21%         5    ######.

Your spell library contained the following spells:

 Spells                   Type           Power        Failure   Level  Hunger
 Static Discharge         Conj/Air       ####....     2%          3    ###....
 Swiftness                Chrm/Air       ###.....     4%          2    ##.....


Dungeon Overview and Level Annotations

Branches:
Dungeon (6/15)             Temple (1/1) D:4

Altars:
Cheibriados
Dithmenos
Elyvilon
Fedhas
Hepliaklqana
Kikubaaqudgha
Makhleb
Nemelex Xobeh
Okawaru
Qazlal
Ru
Sif Muna
Trog
Wu Jian
Xom
Yredelemnul
Zin

Annotations:
D:3 1 runed translucent door, Crazy Yiuf
D:5 Prince Ribbit


Innate Abilities, Weirdness & Mutations

You have a beak for a mouth.
You have claws for feet.
You can fly continuously.


Message History

You see here a scroll of identify.
B - a scroll of identify The bullfrog gives a loud, deep croak!
Evoke which item? (* to show all) (? for menu, Esc to quit)
Aiming: Random Effects
Press: ? - help, Shift-Dir - straight line, f - bullfrog
Aim: a bullfrog The bullfrog seems to speed up.
The bullfrog hits you.
* * * LOW HITPOINT WARNING * * *
Evoke which item? (* to show all) (? for menu, Esc to quit)
Aiming: Random Effects
Press: ? - help, Shift-Dir - straight line, f/p - bullfrog
Aim: a bullfrog (fast)
The fireball explodes!
The fireball engulfs the bullfrog!
The bullfrog is severely wounded.
The fireball engulfs you!
* * * LOW HITPOINT WARNING * * *
The bullfrog closely misses you. The bullfrog hits you.
You die...
Kikubaaqudgha rasps: "You have failed me!
Welcome... death!"

######## #
......
.###.#.#..#
.....#.#..#
..........#
##.#
...#.#.###.....
#.#.......#
##.........#
#...F@..##.#
#.......# ..
#.......# .#
#.......# ..
#.......# .
#####.....
.......
.##.#... .....


You could see a bullfrog.

Vanquished Creatures
  Grinder (D:3)
  An ogre (D:5)
  A phantom (D:4)
  Blork the orc (D:5)
  A bullfrog (D:5)
  A scorpion (D:6)
  A howler monkey (D:4)
  2 hounds (D:5)
  3 orc wizards
  A centaur skeleton (D:5)
  Ijyb (D:3)
  A worker ant (D:5)
  A hound skeleton (D:4)
  A worker ant zombie (D:5)
  3 gnolls
  12 adders
  A worm (D:2)
  2 dart slugs
  11 orcs
  8 bats
  3 giant cockroaches
  6 goblins
  7 hobgoblins
  9 jackals
  3 kobolds
  A quokka (D:3)
  A ball python (D:2)
  4 frilled lizards
  A leopard gecko skeleton (D:4)
  A quokka skeleton (D:4)
  A quokka zombie (D:6)
  6 rats
97 creatures vanquished.

Notes
Turn   | Place    | Note
-------+----------+-------------------------------------------
     0 | D:1      | Syrinius the Tengu Air Elementalist began the quest for the
                  | Orb.
     0 | D:1      | Reached XP level 1. HP: 10/10 MP: 4/4
   191 | D:1      | Reached XP level 2. HP: 14/15 MP: 3/6
   709 | D:2      | Reached XP level 3. HP: 17/19 MP: 1/7
  1009 | D:2      | Reached XP level 4. HP: 16/24 MP: 8/8
  1089 | D:2      | Reached skill level 5 in Air Magic
  1505 | D:3      | Learned a level 4 spell: Airstrike
  1547 | D:3      | Gained mutation: You can fly continuously. [Tengu growth]
  1547 | D:3      | Reached XP level 5. HP: 23/28 MP: 4/9
  1830 | D:3      | Found a runed translucent door.
  1831 | D:3      | Noticed Crazy Yiuf
  1877 | D:3      | Noticed Grinder
  1878 | D:3      | Paralysed by Grinder for 5 turns
  1878 | D:3      | Noticed Ijyb
  1887 | D:3      | Killed Ijyb
  1891 | D:3      | Paralysed by Grinder for 3 turns
  2239 | D:3      | Reached XP level 6. HP: 28/32 MP: 6/11
  2299 | D:3      | Reached skill level 6 in Air Magic
  2443 | D:3      | Killed Grinder
  2443 | D:3      | Reached skill level 5 in Conjurations
  2443 | D:3      | Reached XP level 7. HP: 5/36 MP: 0/12
  2703 | D:4      | Found a staircase to the Ecumenical Temple.
  2720 | Temple   | Entered the Ecumenical Temple
  2776 | Temple   | Became a worshipper of Kikubaaqudgha
  2838 | D:4      | Learned a level 5 spell: Lightning Bolt
  3021 | D:4      | Reached skill level 7 in Air Magic
  3439 | D:5      | Entered Level 5 of the Dungeon
  3556 | D:5      | Reached skill level 8 in Air Magic
  3621 | D:5      | Reached XP level 8. HP: 33/41 MP: 6/14
  3826 | D:5      | Noticed Prince Ribbit
  3836 | D:5      | Noticed Blork the orc
  3853 | D:5      | Killed Blork the orc
  3890 | D:6      | HP: 1/41 [shot self (11)]
  3890 | D:6      | Slain by a bullfrog

Skill      XL: |  1  2  3  4  5  6  7  8 |
---------------+-------------------------+-----
Conjurations   | 2 3 4 5 6 |  6.3
Air Magic      | 5 6 8 |  8.7
Dodging        | 3 4 |  4.9
Spellcasting   | 3 4 |  4.0
Stealth        | |  2.0

Action                   |  1- 3 |  4- 6 |  7- 9 || total
-------------------------+-------+-------+-------++-------
Melee: Unarmed           |     3 |       |       ||     3
       Dagger            |    11 |    43 |    57 ||   111
       Kick              |     4 |     6 |    11 ||    21
       Peck              |     1 |     4 |     6 ||    11
 Cast: Shock             |    37 |    67 |    56 ||   160
       Airstrike         |       |     1 |     3 ||     4
       Lightning Bolt    |       |       |     1 ||     1
 Abil: Fly               |       |     1 |       ||     1
Evoke: Wand              |       |     1 |     2 ||     3
  Use: Scroll            |       |     3 |     3 ||     6
       Potion            |       |     1 |       ||     1
 Stab: Sleeping          |     1 |     2 |     1 ||     4
  Eat: Chunk             |     1 |    20 |     5 ||    26
Armor: Robe              |     5 |     5 |     5 ||    15
Dodge: Dodged            |    22 |    38 |    49 ||   109
